 Dungeon Crawl Stone Soup version 0.15-a0-1119-g9b3a599 (webtiles) character file.

698 PolkaDot the Jinx (level 7, 0/46 HPs)
             Began as a Vampire Enchanter on May 29, 2014.
             Was an Initiate of Ashenzari.
             Hit by a dart thrown by an orc warrior (3 damage)
             ... on Level 6 of the Dungeon.
             The game lasted 00:20:16 (4807 turns).

PolkaDot the Jinx (Vampire Enchanter)               Turns: 4807, Time: 00:20:16

HP   0/46        AC  8     Str  7      XL: 7   Next: 38%
MP   1/12        EV 12     Int 19      God: Ashenzari [......]
Gold 416         SH  0     Dex 14      Spells:  3 memorised,  4 levels left

rFire  . . .     SeeInvis +     a - +1 dagger (curse)
rCold  + + .     Clarity  .     b - +1 robe
rNeg   + + +     rCorr    +     (no shield)
rPois  +         rRot     +     (no helmet)
rElec  .         Spirit   .     (no cloak)
SustAb .         Warding  .     e - +2 pair of gloves
rMut   .         Stasis   .     (no boots)
Gourm  .                        t - cursed amulet of resist corrosion
MR     .....                    (no ring)
                                p - cursed +2 ring of protection

@: very slightly contaminated, bloodless, non-regenerating, not resistant to
hostile enchantments, stealthy
A: bottle blood, fangs 3, see invisible, unbreathing
a: Bat Form, Bottle Blood, Renounce Religion


You were on level 6 of the Dungeon.
You worshipped Ashenzari.
Ashenzari was noncommittal.
You were bloodless.

You visited 2 branches of the dungeon, and saw 7 of its levels.

You collected 416 gold pieces.

Inventory:

Hand weapons
 a - a cursed +1,+1 dagger (weapon)
Missiles
 d - 12 darts (quivered)
Armour
 b - a +1 robe (worn)
 e - a +2 pair of gloves (worn)
Magical devices
 B - a wand of slowing (15)
Scrolls
 f - 7 scrolls of identify {unknown}
 g - 3 scrolls of blinking {unknown}
 h - 5 scrolls of teleportation {unknown}
 j - 2 scrolls of remove curse
 k - a scroll of recharging {unknown}
 l - 3 scrolls of amnesia {unknown}
 m - a scroll of fear {unknown}
 n - 2 scrolls of magic mapping {unknown}
 r - 2 scrolls of enchant weapon II {unknown}
 v - a scroll of noise {unknown}
 w - a scroll of enchant weapon I {unknown}
 y - 3 scrolls of enchant armour {unknown}
 C - a scroll of immolation {unknown}
 E - 8 scrolls of curse armour
 G - a scroll of curse weapon
Jewellery
 p - a cursed +2 ring of protection (left hand)
 t - a cursed amulet of resist corrosion (around neck)
 D - an uncursed amulet of warding
Potions
 i - 3 potions of curing {unknown}
 o - a potion of flight {unknown}
 q - a potion of brilliance {unknown}
 s - a potion of confusion {unknown}
 u - a potion of resistance {unknown}
 x - a potion of beneficial mutation {unknown}
 z - a potion of haste {unknown}
 A - a potion of heal wounds {unknown}
Books
 c - a book of Maledictions

   Spells                             Type                      Level
   *Corona                            Hexes                        1
   Sure Blade                         Hexes/Charms                 2
   *Ensorcelled Hibernation           Hexes/Ice                    2
   *Confuse                           Hexes                        3
   Dazzling Spray                     Conjuration/Hexes            3
   Enslavement                        Hexes                        4


   Skills:
 * Level 4.2 Short Blades
 - Level 1.2 Throwing
 - Level 2.1 Dodging
 + Level 7.2 Stealth
 - Level 2.0 Spellcasting
 + Level 9.0 Hexes
 - Level 1.0 Ice Magic


You had 4 spell levels left.
You knew the following spells:

 Your Spells              Type           Power        Failure   Level  Hunger
a - Corona                Hex            #####..      1%          1    #......
c - Confuse               Hex            #####...     1%          3    ####...
d - Ensorcelled Hibernat  Hex/Ice        ###...       3%          2    ##.....


Dungeon Overview and Level Annotations

Branches:
Dungeon (6/15)             Temple (1/1) D:6

Altars:
Ashenzari
Dithmenos
Elyvilon
Fedhas
Kikubaaqudgha
Nemelex Xobeh
Okawaru
Sif Muna
Trog
Vehumet
Xom
Yredelemnul
Zin
The Shining One

Shops:
D:5 :


Innate Abilities, Weirdness & Mutations

You do not heal naturally.
You can bottle blood from corpses.
You have razor-sharp teeth.*
You have supernaturally acute eyesight.
You can survive without breathing.*


Message History

Confirm with . or Enter, or press ? or * to list all spells.
Aiming: Confuse
Press: ? - help, Shift-Dir - straight line, f/p - orc warrior
Aim: an orc warrior, wielding a trident and wearing a chain mail The orc warrior struggles to resist.
* * * LOW MAGIC WARNING * * *
The orc warrior barely misses you.
Casting: Confuse
Confirm with . or Enter, or press ? or * to list all spells.
Aiming: Confuse
Press: ? - help, Shift-Dir - straight line, f/p - orc warrior
Aim: an orc warrior, wielding a trident and wearing a chain mail The orc warrior struggles to resist.
* * * LOW MAGIC WARNING * * *
The orc warrior hits you with a trident!
The orc warrior hits you from afar with a trident!
* * * LOW HITPOINT WARNING * * *
You see here a dart.
The orc warrior throws a dart.
The dart hits you.
You die...

##.#.# #### ######
#.#.# ###....# #)#.#
#......# #.#.#
#.P.P..#####.#.#
#..>...##....#.##
#.P)P..##.###...###
.###......##.#.......#
#..........>@#..#...#.#
#..#######.##.#..(.##.#
#. #####.##(####.##.##
.....!...# #.....#
#####.#.o.# ####..#
#.#.#.# #..# #.#.#.#
#..# #.#. .# #..# ....
.# #..#


You could see an orc warrior.

Vanquished Creatures
  A hippogriff (D:6)
  An ogre (D:6)
  A centaur (D:5)
  A crimson imp (D:5)
  4 hounds
  An orc wizard (D:4)
  2 worker ants (D:5)
  4 adders
  3 gnolls
  3 worms
  A giant gecko (D:6)
  7 orcs
  4 ball pythons
  11 goblins
  10 hobgoblins
  11 jackals
  12 kobolds
  2 quokkas (D:6)
  4 bats
  5 giant cockroaches
  A giant newt (D:4)
  A gnoll skeleton (D:4)
  8 rats
98 creatures vanquished.

Notes
Turn   | Place    | Note
--------------------------------------------------------------
     0 | D:1      | PolkaDot, the Vampire Enchanter, began the quest for the Orb.
     0 | D:1      | Reached XP level 1. HP: 13/13 MP: 3/3
   143 | D:1      | Reached XP level 2. HP: 19/19 MP: 4/4
   250 | D:1      | Learned a level 2 spell: Ensorcelled Hibernation
   308 | D:1      | Found a shimmering altar of Xom.
   357 | D:1      | Found a shimmering altar of Xom.
   358 | D:1      | Found a shimmering altar of Xom.
   437 | D:1      | Reached skill level 1 in Throwing
   546 | D:1      | Reached skill level 5 in Hexes
   725 | D:1      | Reached XP level 3. HP: 22/24 MP: 0/6
   857 | D:1      | Learned a level 3 spell: Confuse
  1137 | D:2      | Found a shadowy altar of Dithmenos.
  1543 | D:3      | Reached skill level 1 in Ice Magic
  1609 | D:3      | Reached XP level 4. HP: 28/30 MP: 0/7
  2127 | D:3      | Reached skill level 6 in Hexes
  2705 | D:4      | Reached XP level 5. HP: 35/35 MP: 6/9
  2764 | D:4      | Reached skill level 5 in Stealth
  2764 | D:4      | Reached skill level 7 in Hexes
  3123 | D:4      | Found an iron altar of Okawaru.
  3334 | D:5      | Entered Level 5 of the Dungeon
  3342 | D:5      | Reached XP level 6. HP: 41/41 MP: 10/10
  3351 | D:5      | Noticed a centaur
  3375 | D:5      | Killed a centaur
  3375 | D:5      | Reached skill level 8 in Hexes
  3739 | D:5      | Found Xeimen's Book Shop.
  4128 | D:6      | Reached XP level 7. HP: 35/46 MP: 8/12
  4394 | D:6      | Noticed a hippogriff
  4405 | D:6      | Killed a hippogriff
  4649 | D:6      | Reached skill level 9 in Hexes
  4657 | D:6      | Found a staircase to the Ecumenical Temple.
  4665 | Temple   | Entered the Ecumenical Temple
  4682 | Temple   | Became a worshipper of Ashenzari the Shackled
  4807 | D:6      | Hit by a dart thrown by an orc warrior

Action                   |  1- 3 |  4- 6 |  7- 9 || total
-------------------------+-------+-------+-------++-------
Melee: Dagger            |   121 |   120 |    28 ||   269
Throw: Dart              |    11 |    11 |       ||    22
 Cast: Corona            |     6 |     3 |     1 ||    10
       Ensorcelled Hiber |    17 |    25 |    18 ||    60
       Confuse           |       |     2 |     2 ||     4
Evoke: Wand              |       |     1 |       ||     1
  Use: Potion            |     1 |       |       ||     1
       Scroll            |       |       |     3 ||     3
 Stab: Distracted        |     2 |       |       ||     2
       Sleeping          |    12 |    27 |     9 ||    48
       Confused          |       |     3 |       ||     3
